 Dungeon Sprint DCSS version 0.26.1-2-gb8aa6d0cf2 (webtiles) character file.

Game seed: 13175452769408604845

232200 Groucho the Impregnable (level 17, -13/126 HPs)
             Began as a Gargoyle Fighter on Feb 17, 2021.
             Was the Champion of Cheibriados.
             Killed by the air
             ... invoked by a titan
              (24 damage)
             ... in the Dungeon (Sprint IX: "|||||||||||||||||||||||||||||").
             The game lasted 00:20:44 (12749 turns).

Groucho the Impregnable (Gargoyle Fighter)         Turns: 12749, Time: 00:20:44

Health: -13/126    AC: 46    Str: 36    XL:     17   Next: 94%
Magic:  10/33      EV: 25    Int: 23    God:    Cheibriados [******]
Gold:   645        SH: 38    Dex: 35    Spells: 16/16 levels left

rFire    + . .     SeeInvis .   p - +3 war axe (vorpal)
rCold    + . .     Faith    .   E - +3 tower shield
rNeg     + . .     Spirit   .   F - +3 plate armour {rF+}
rPois    ∞         Reflect  +   D - +1 helmet
rElec    +         Harm     .   w - +1 cloak
rCorr    .         Rampage  .   (no gloves)
Will     +....     Rnd*Rage +   n - +0 pair of boots of Ru's Condemnation {+Fly} Stlth ..........NoTele +
                                m - amulet of reflection
HPRegen  0.31/turn              d - +6 ring of dexterity
MPRegen  0.23/turn              y - ring of protection from cold

@: very slow
A: big wings, berserk 1, dopey 1, negative energy resistance 1, electricity
resistance, unbreathing, petrification resistance, miasma immunity, AC +12
}: 4/17 runes: decaying, serpentine, barnacled, gossamer
a: Fly, Renounce Religion, Bend Time, Temporal Distortion, Slouch, Step From
Time


You were in the Dungeon.
You worshipped Cheibriados.
Cheibriados was exalted by your worship.
You visited 1 branch You collected 1974 gold pieces.
You spent 1329 gold pieces at shops.

Inventory:

Hand Weapons
 b - a +2 morningstar of protection
 p - a +3 vorpal war axe (weapon)
Missiles
 j - 2 boomerangs
 B - 59 silver javelins
 G - 22 javelins (quivered)
Armour
 a - a +5 plate armour
 n - the +0 pair of boots of Ru's Condemnation (worn) {+Fly}
   (You bought it in a shop in the Dungeon)

   It lets you fly.
 w - a +1 cloak (worn)
 C - +0 gold dragon scales
 D - a +1 helmet (worn)
 E - a +3 tower shield (worn)
 F - a +3 plate armour of fire resistance (worn)
Jewellery
 c - a +4 ring of evasion
 d - a +6 ring of dexterity (left hand)
 m - an amulet of reflection (around neck)
 o - an uncursed ring of see invisible
 q - a +3 ring of strength
 x - an uncursed ring of willpower
 y - a ring of protection from cold (right hand)
Wands
 l - a wand of iceblast (5)
Scrolls
 f - a scroll of immolation {unknown}
 i - 4 scrolls of remove curse
 k - 2 scrolls of amnesia
 s - 5 scrolls of enchant weapon
 t - 6 scrolls of enchant armour
 u - 5 scrolls of identify
 z - a scroll of blinking
 A - 4 scrolls of fog
Potions
 e - 4 potions of curing
 g - 2 potions of resistance
 h - a potion of magic
 r - 4 potions of brilliance
 v - a potion of might


   Skills:
 + Level 21.2 Fighting
 * Level 22.4 Axes
 * Level 25.7 Armour
 + Level 14.0 Dodging
 * Level 25.7 Shields
 * Level 24.4 Invocations


You had 16 spell levels left.
You didn't know any spells.
Your spell library contained the following spells:

 Spells                   Type           Power        Failure   Level
 Summon Small Mammal      Summ           0%           36%         1
 Call Imp                 Summ           0%           50%         2
 Call Canine Familiar     Summ           0%           75%         3
 Summon Guardian Golem    Hex/Summ       0%           75%         3
 Summon Ice Beast         Ice/Summ       0%           98%         4
 Summon Lightning Spire   Summ/Air       0%           98%         4


Dungeon Overview and Level Annotations

Branches:
Dungeon (1/1)

Altars:
Cheibriados
Dithmenos
Elyvilon
Fedhas
Gozag
Hepliaklqana
Kikubaaqudgha
Makhleb
Nemelex Xobeh
Okawaru
Qazlal
Ru
Sif Muna
Trog
Uskayaw
Vehumet
Wu Jian
Xom
Yredelemnul
Zin
The Shining One
Beogh
Jiyva
Lugonu

Shops:
D **=[


Innate Abilities, Weirdness & Mutations

You are resistant to torment.
Your stone body is resilient. (AC +12)
You are immune to poison.
Your large and strong wings let you fly indefinitely.
You resist negative energy. (rN+)
You are resistant to electric shocks. (rElec)
You can survive without breathing.
You are immune to petrification.
You are immune to miasma.
You tend to lose your temper in combat.
You are dopey. (Int -2)


Message History

The shadow dragon is almost dead.
You block the shadow dragon's attack. x3
You closely miss the shadow dragon.
The shadow dragon is almost dead.
You slice the shadow dragon!!
You kill the shadow dragon!
Cheibriados thoroughly appreciates the change of pace.
Cheibriados raises the support of your attributes as your movement slows.
The shadow dragon scales are intact enough to wear.
Your life force feels restored.
Unknown command.
You slice the wolf spider!!
You kill the wolf spider!
Cheibriados thoroughly appreciates the change of pace.
The titan waves its arms in wide circles.
The air twists around and strikes you!!
* * * LOW HITPOINT WARNING * * *
The titan waves its arms in wide circles.
The air twists around and strikes you!!
You die...

.▓.▓.▓.▓.▓.▓.▓.▓.▓
.▓.▓.▓.▓.▓.▓.▓.▓.▓
.▓.▓.▓.▓.▓.▓'▓.▓.▓
.▓.▓)▓.▓.▓.▓.▓.▓.▓
.▓.▓(▓)▓.▓.▓.▓.▓.▓
.▓.▓.▓.▓.▓.▓.▓.▓[▓
.▓.▓.▓.▓.▓.▓.▓.▓.▓
.▓.▓.▓.▓.▓.▓.▓.▓)▓
'▓.▓.▓.▓.▓.▓.▓.▓@▓
.▓.▓.▓.▓.▓.▓.▓.▓C▓
.▓.▓.▓.▓'▓.▓.▓.▓|▓
.▓.▓'▓.▓.▓.▓.▓.▓:▓
.▓.▓.▓.▓.▓.▓.▓.▓)▓
.▓.▓.▓.▓.▓.▓.▓.▓φ▓
.▓.▓.▓.▓.▓.▓.▓.▓|▓
.▓.▓.▓.▓.▓.▓.▓.▓.▓
.▓.▓.▓.▓.▓.▓'▓.▓


You could see a titan.

Vanquished Creatures
  An orb of fire (D)
  Mennas (D)
  Sojobo (D)
  Frederick (D)
  Jory (D)
  A tentacled monstrosity (D)
  Rupert (D)
  Frances (D)
  3 tengu reavers (D)
  A sphinx (D)
  Ilsuiw (D)
  5 shadow dragons (D)
  5 nagarajas (D)
  A fire giant (D)
  A frost giant (D)
  5 ghost moths (D)
  Louise (D)
  4 emperor scorpions (D)
  A war gargoyle (D)
  A very ugly thing (D)
  8 stone giants (D)
  2 dire elephants (D)
  2 entropy weavers (D)
  Nessos (D)
  5 merfolk javelineers (D)
  An eleionoma (D)
  2 ettins (D)
  5 merfolk impalers (D)
  3 yaktaur captains (D)
  3 great orbs of eyes (D)
  2 ice dragons (D)
  4 naga warriors (D)
  8 hydras (D)
  A boulder beetle (D)
  25 vault guards (D)
  A spriggan air mage (D)
  4 centaur warriors (D)
  A ghost crab (D)
  An anaconda (D)
  3 merfolk aquamancers (D)
  Erica (D)
  A two-headed ogre (D)
  2 tengu warriors (D)
  A deep troll shaman (D)
  2 ogre magi (D)
  4 orc high priests (D)
  2 spriggans (D)
  3 naga sharpshooters (D)
  2 goliath frogs (D)
  5 swamp dragons (D)
  A skeletal warrior (D)
  A flayed ghost (D)
  2 deep elf archers (D)
  2 ironbrand convokers (D)
  A phantasmal warrior (D)
  9 orc knights (D)
  2 orb spiders (D)
  3 mana vipers (D)
  A necromancer (D)
  6 wolf spiders (D)
  2 ugly things (D)
  A cyclops (D)
  2 orc sorcerers (D)
  A salamander (shapeshifter) (D)
  6 elephants (D)
  A manticore (D)
  A moth of wrath (D)
  Maurice (D)
  2 naga magi (D)
  A merfolk siren (D)
  A guardian serpent (shapeshifter) (D)
  A guardian serpent (D)
  A vault sentinel (D)
  A water nymph (D)
  A cane toad (D)
  3 tengu conjurers (D)
  A komodo dragon (D)
  A demonic crawler (D)
  3 freezing wraiths (D)
  2 yaktaurs (D)
  A guardian mummy (D)
  3 trolls (D)
  2 jumping spiders (D)
  3 hornets (D)
  2 merfolk (D)
  2 snapping turtles (D)
  2 slime creatures (D)
  A water elemental (D)
  A redback (D)
  A tarantella (D)
  2 wyverns (D)
  3 yaks (D)
  A basilisk (D)
  3 nagas (D)
  An acid dragon (D)
  3 water moccasins (D)
  5 swamp drakes (D)
  A sky beast (shapeshifter) (D)
  9 orc warriors (D)
  An ogre (D)
  A boggart (D)
  3 wolves (D)
  A centaur (D)
  5 bullfrogs (D)
  A jelly (D)
  4 orc wizards (D)
  2 iguanas (D)
  2 worker ants (D)
  An adder (D)
  A white imp (D)
  A dart slug (D)
  16 orcs (D)
  2 bats (D)
  A giant cockroach (D)
  A rat (D)
292 creatures vanquished.

Vanquished Creatures (others)
  A spriggan druid (D)
  A swamp dragon (D)
2 creatures vanquished.

Grand Total: 294 creatures vanquished

Notes
Turn   | Place    | Note
-------+----------+-------------------------------------------
     0 | D        | Groucho the Gargoyle Fighter began the quest for the Orb.
     0 | D        | Reached XP level 1. HP: 14/14 MP: 1/1
    18 | D        | Reached XP level 2. HP: 20/20 MP: 2/2
    30 | D        | Reached XP level 3. HP: 24/24 MP: 3/3
    45 | D        | Reached skill level 5 in Fighting
    45 | D        | Reached skill level 5 in Armour
    45 | D        | Reached skill level 5 in Shields
    45 | D        | Reached XP level 4. HP: 26/31 MP: 4/4
   110 | D        | Found a roughly hewn altar of Beogh.
   110 | D        | Found a snail-covered altar of Cheibriados.
   110 | D        | Found a shadowy altar of Dithmenos.
   110 | D        | Found a white marble altar of Elyvilon.
   110 | D        | Found a blossoming altar of Fedhas.
   110 | D        | Found an opulent altar of Gozag.
   111 | D        | Found a hazy altar of Hepliaklqana.
   112 | D        | Found a viscous altar of Jiyva.
   113 | D        | Found an ancient bone altar of Kikubaaqudgha.
   116 | D        | Became a worshipper of Cheibriados the Contemplative
   117 | D        | Found a corrupted altar of Lugonu.
   118 | D        | Found a burning altar of Makhleb.
   119 | D        | Found a sparkling altar of Nemelex Xobeh.
   120 | D        | Found an iron altar of Okawaru.
   121 | D        | Found a stormy altar of Qazlal.
   122 | D        | Found a sacrificial altar of Ru.
   123 | D        | Found a shimmering blue altar of Sif Muna.
   124 | D        | Found a bloodstained altar of Trog.
   125 | D        | Found a hide-covered altar of Uskayaw.
   126 | D        | Found a radiant altar of Vehumet.
   127 | D        | Found an ornate altar of the Wu Jian Council.
   128 | D        | Found a shimmering altar of Xom.
   129 | D        | Found a basalt altar of Yredelemnul.
   130 | D        | Found a glowing silver altar of Zin.
   131 | D        | Found a glowing golden altar of the Shining One.
   192 | D        | Noticed a troll
   192 | D        | Noticed an ogre
   192 | D        | Noticed a yak
   192 | D        | Noticed a bullfrog
   192 | D        | Noticed a troll
   204 | D        | Killed a troll
   205 | D        | Reached XP level 5. HP: 24/39 MP: 5/5
   205 | D        | Reached XP level 6. HP: 27/44 MP: 6/6
   211 | D        | Reached * piety under Cheibriados
   220 | D        | Killed a yak
   221 | D        | Reached XP level 7. HP: 26/51 MP: 7/7
   229 | D        | Killed a troll
   229 | D        | Reached ** piety under Cheibriados
   662 | D        | Noticed a tengu warrior
   662 | D        | Noticed a slime creature
   662 | D        | Noticed a two-headed ogre
   676 | D        | Killed a tengu warrior
   677 | D        | Reached skill level 10 in Fighting
   677 | D        | Reached skill level 10 in Armour
   677 | D        | Reached skill level 10 in Shields
   677 | D        | Reached XP level 8. HP: 29/59 MP: 8/8
   680 | D        | Killed a slime creature
   685 | D        | Killed a two-headed ogre
   685 | D        | Reached *** piety under Cheibriados
   686 | D        | Reached XP level 9. HP: 33/65 MP: 9/9
   698 | D        | Reached skill level 10 in Axes
  1175 | D        | Noticed a five-headed hydra
  1181 | D        | Reached **** piety under Cheibriados
  1185 | D        | Killed a five-headed hydra
  1187 | D        | Reached ***** piety under Cheibriados
  1188 | D        | Reached XP level 10. HP: 68/72 MP: 10/10
  1205 | D        | Reached ****** piety under Cheibriados
  1246 | D        | Noticed a cane toad
  1250 | D        | Noticed an eight-headed hydra
  1257 | D        | Killed a cane toad
  1273 | D        | Killed a 13-headed hydra
  1685 | D        | Noticed a dire elephant
  1685 | D        | Noticed an elephant
  1685 | D        | Noticed an elephant
  1685 | D        | Noticed a dire elephant
  1685 | D        | Noticed an elephant
  1685 | D        | Noticed an elephant
  2371 | D        | Killed an elephant
  2374 | D        | Killed an elephant
  2375 | D        | Reached skill level 5 in Invocations
  2379 | D        | Killed an elephant
  2380 | D        | Reached XP level 11. HP: 79/79 MP: 1/16
  2693 | D        | Killed a dire elephant
  2694 | D        | Reached skill level 1 in Dodging
  2694 | D        | Reached skill level 10 in Invocations
  3315 | D        | Killed a dire elephant
  4083 | D        | Noticed an orc knight
  4091 | D        | Killed an orc knight
  4212 | D        | Noticed an orc sorcerer
  4228 | D        | Killed an orc sorcerer
  4329 | D        | Found Sysi's General Store.
  4329 | D        | Noticed an orc high priest
  4329 | D        | Noticed an orc high priest
  4329 | D        | Noticed an orc knight
  4329 | D        | Noticed an orc high priest
  4330 | D        | Noticed an orc high priest
  4332 | D        | Killed an orc high priest
  4332 | D        | Killed an orc high priest
  4334 | D        | Noticed a sixfirhy
  4336 | D        | Killed an orc high priest
  4337 | D        | Reached skill level 15 in Armour
  4337 | D        | Reached skill level 15 in Shields
  4337 | D        | Reached XP level 12. HP: 73/86 MP: 5/20
  4346 | D        | Killed an orc high priest
  4347 | D        | Found Get Uteu's General Store.
  4351 | D        | Found Qixtiotogu's Jewellery Emporium.
  4354 | D        | Found Yrati's Antique Armour Shoppe.
  4634 | D        | Noticed Erica
  4643 | D        | Killed Erica
  4847 | D        | Bought a pair of brightly glowing boots for 275 gold pieces
  4847 | D        | Bought a glowing plate armour for 754 gold pieces
  4857 | D        | Identified the +0 pair of boots of Ru's Condemnation {+Fly}
                  | (You bought it in a shop in the Dungeon)
  4873 | D        | Bought an uncursed amulet of reflection for 300 gold pieces
  4926 | D        | Noticed Maurice
  4944 | D        | Killed Maurice
  5029 | D        | Found the +2 hat of the Bear Spirit {Spirit, +Rage rN+
                  | Will++}
  5080 | D        | Noticed a centaur warrior
  5080 | D        | Noticed a five-headed hydra
  5084 | D        | Noticed a seven-headed hydra
  5088 | D        | Noticed a centaur warrior
  5089 | D        | Noticed a stone giant
  5089 | D        | Killed a centaur warrior
  5092 | D        | Killed a stone giant
  5092 | D        | Noticed a stone giant
  5093 | D        | Reached skill level 15 in Fighting
  5093 | D        | Killed a six-headed hydra
  5094 | D        | Reached skill level 5 in Dodging
  5099 | D        | Noticed an ice dragon
  5101 | D        | Killed an 11-headed hydra
  5109 | D        | Killed a stone giant
  5122 | D        | Killed a centaur warrior
  5135 | D        | Killed an ice dragon
  5136 | D        | Reached XP level 13. HP: 61/92 MP: 8/23
  5408 | D        | Noticed a great orb of eyes
  5410 | D        | Noticed a stone giant
  5415 | D        | Paralysed by a great orb of eyes for 6 turns
  5421 | D        | Killed a great orb of eyes
  5428 | D        | Killed a stone giant
  5871 | D        | Noticed Frances
  5888 | D        | Killed Frances
  5941 | D        | Noticed Nessos
  5942 | D        | Killed Nessos
  5989 | D        | Noticed an eleionoma
  5999 | D        | Killed an eleionoma
  6224 | D        | Noticed a merfolk impaler
  6228 | D        | Reached skill level 15 in Axes
  6232 | D        | Reached skill level 15 in Invocations
  6245 | D        | Killed a merfolk impaler
  6596 | D        | Gained mutation: Your large and strong wings let you fly
                  | indefinitely. [Gargoyle growth]
  6596 | D        | Reached XP level 14. HP: 100/100 MP: 0/25
  6601 | D        | Killed a ghost moth
  6776 | D        | Noticed Rupert
  6798 | D        | Killed Rupert
  6920 | D        | Noticed a fire giant
  6931 | D        | Killed a fire giant
  6951 | D        | Noticed a brown very ugly thing
  6953 | D        | Paralysed by a great orb of eyes for 3 turns
  6966 | D        | Killed a brown very ugly thing
  7242 | D        | Noticed a stone giant
  7243 | D        | Noticed a stone giant
  7259 | D        | Killed a stone giant
  7267 | D        | Killed a stone giant
  7316 | D        | Noticed a sphinx
  7327 | D        | Killed a sphinx
  7336 | D        | Noticed an entropy weaver
  7356 | D        | Reached XP level 15. HP: 80/107 MP: 7/28
  7760 | D        | Noticed Mennas
  7830 | D        | Killed Mennas
  7831 | D        | Reached skill level 10 in Dodging
  8051 | D        | Noticed Louise
  8075 | D        | Killed Louise
  8243 | D        | Noticed Frederick
  8255 | D        | Killed Frederick
  9004 | D        | Noticed Jory
  9049 | D        | Killed Jory
  9929 | D        | Got a decaying rune of Zot
 10409 | D        | Noticed Ilsuiw
 10428 | D        | Reached XP level 16. HP: 67/116 MP: 9/30
 10439 | D        | Killed Ilsuiw
 10482 | D        | Got a barnacled rune of Zot
 10784 | D        | Noticed a nagaraja
 10784 | D        | Noticed a nagaraja
 10784 | D        | Noticed a nagaraja
 10785 | D        | Noticed a nagaraja
 10793 | D        | Killed a nagaraja
 10795 | D        | Killed a nagaraja
 10798 | D        | Killed a nagaraja
 10799 | D        | Killed a nagaraja
 10800 | D        | Noticed a nagaraja
 10813 | D        | Killed a nagaraja
 11117 | D        | Got a serpentine rune of Zot
 11275 | D        | Got a gossamer rune of Zot
 11869 | D        | Noticed a tengu reaver
 11869 | D        | Noticed Sojobo
 11871 | D        | Noticed a tengu reaver
 11875 | D        | Killed a tengu reaver
 11899 | D        | Killed Sojobo
 11908 | D        | Killed a tengu reaver
 12468 | D        | Reached XP level 17. HP: 124/124 MP: 32/32
 12608 | D        | Noticed a tentacled monstrosity
 12625 | D        | Killed a tentacled monstrosity
 12654 | D        | Noticed an orb of fire
 12661 | D        | Gained mutation: You tend to lose your temper in combat.
                  | [an orb of fire]
 12670 | D        | Gained mutation: You are dopey. (Int -2) [an orb of fire]
 12673 | D        | Killed an orb of fire
 12731 | D        | Noticed a titan
 12749 | D        | Killed from afar by a titan

Illustrated notes

Levels and vault maps discovered:
D:        linesprint [early_d, line_temple, items_1, d_10, items_2, lair_1,
          lair_end, items_3, orc_1, orc_end, items_4, d_15, swamp_1, shoals_1,
          snake_1, spider_1, d_20, vaults_1, items_5, swamp_end, shoals_end,
          snake_end, spider_end, vaults_end, d_27, items_6, zot_1, zot_end,
          crypt_end, forest_end, elf_end, slime_end, tomb_end, abyss_end,
          pan_hell_end]

Skill      XL: |  1  2  3  4  5  6  7  8  9 10 11 12 13 14 15 16 17 |
---------------+----------------------------------------------------+-----
Axes           | 2 3 6 7 9 10 11 12 14 15 17 18 20 22 | 22.4
Fighting       | 4 5 7 9 10 11 12 13 14 15 16 17 18 19 21 | 21.2
Armour         | 4 5 7 9 10 11 12 13 15 16 18 20 21 23 25 | 25.7
Shields        | 4 5 7 9 10 11 12 13 15 16 18 20 21 23 25 | 25.7
Invocations    | 7 11 13 15 18 20 22 24 | 24.4
Dodging        | 3 5 7 9 10 12 14 | 14.0

Action                   |  1- 3 |  4- 6 |  7- 9 | 10-12 | 13-15 | 16-18 || total
-------------------------+-------+-------+-------+-------+-------+-------++-------
Melee: War axe           |    32 |    30 |    45 |   240 |   448 |   409 ||  1204
       Morningstar       |       |       |     3 |       |       |       ||     3
Invok: Slouch            |       |       |       |    22 |    40 |    30 ||    92
Evoke: Wand              |       |       |     3 |     2 |       |       ||     5
  Use: Potion            |     2 |     1 |     1 |     5 |     7 |     5 ||    21
       Scroll            |       |       |     1 |     3 |       |       ||     4
 Stab: Invisible         |       |       |       |     1 |       |       ||     1
Armor: Scale mail        |    22 |       |       |       |       |       ||    22
       Chain mail        |       |    21 |    31 |    84 |       |       ||   136
       Plate armour      |       |       |       |    34 |   135 |   122 ||   291
Dodge: Dodged            |     8 |    11 |    16 |    78 |   109 |   123 ||   345
Block: Kite shield       |    18 |    19 |    39 |   212 |   305 |       ||   593
       Reflection        |       |       |       |     1 |    26 |    13 ||    40
       Tower shield      |       |       |       |       |    98 |   455 ||   553
